 Dungeon Crawl Stone Soup version 0.31-a0-18-gea43df2a32 (webtiles) character file.

Game seed: 10301965100019393655

46 pk666 the Firebug (level 3, -10/19 HPs)
             Began as a Deep Elf Fire Elementalist on May 12, 2023.
             Mangled by Terence
             ... wielding a +1 heavy hand axe
              (16 damage)
             ... on level 2 of the Dungeon.
             The game lasted 00:02:28 (1191 turns).

pk666 the Firebug (Deep Elf Fire Elementalist)      Turns: 1191, Time: 00:02:30

Health: -10/19     AC:  2    Str:  5    XL:     3   Next: 46%
Magic:  6/10       EV: 12    Int: 21    God:
Gold:   111        SH:  0    Dex: 15    Spells: 8/9 levels left

rFire   . . .        (no weapon)
rCold   . . .        (no shield)
rNeg    . . .        a - +0 robe
rPois   .            (no helmet)
rElec   .            (no cloak)
rCorr   .            (no gloves)
SInv    .            (no boots)
Will    .....        (no amulet)
Stlth   ++           (no ring)
HPRegen 0.23/turn    (no ring)
MPRegen 0.12/turn

%: no passive effects
@: no status effects
A: no striking features
a: no special abilities


You were on level 2 of the Dungeon.
You visited 1 branch of the dungeon, and saw 2 of its levels.

You collected 111 gold pieces.

Inventory:

Armour
 a - a +0 robe (worn)
Scrolls
 d - a scroll of identify {unknown}
Potions
 b - a potion of magic
 c - a potion of haste {unknown}
 e - 4 potions of curing {unknown}
 f - a potion of brilliance {unknown}
 g - a potion of mutation {unknown}


   Skills:
 - Level 2.4 Dodging
 - Level 2.4 Stealth
 + Level 3.9 Spellcasting
 + Level 2.3 Conjurations
 + Level 3.9 Fire Magic


You had 8 spell levels left.
You knew the following spells:

 Your Spells              Type           Power      Damage    Failure   Level
a - Foxfire               Conj/Fire      68%        2x1d7     3%          1

Your spell library contained the following spells:

 Spells                   Type           Power      Damage    Failure   Level
 Scorch                   Fire           40%        2d6       3%          2
 Summon Small Mammal      Summ           16%        N/A       12%         1
 Inner Flame              Hex/Fire       12%        N/A       16%         3
 Volatile Blastmotes      Fire/Tloc      24%        2d12      16%         3
 Cigotuvi's Dreadful Rot  Necr/Pois/Air  8%         N/A       19%         2
 Flame Wave               Conj/Fire      17%        2d7       32%         4
 Call Canine Familiar     Summ           4%         N/A       36%         3
 Summon Guardian Golem    Hex/Summ       4%         N/A       36%         3
 Dispel Undead            Necr           4%         3d7       77%         4
 Death Channel            Necr           2%         N/A       100%        6


Dungeon Overview and Level Annotations

Branches:
Dungeon (2/15)

Altars:

Annotations:
D:2 Terence


Message History

You conjure some foxfire!
The hobgoblin shouts!
You hear an angry hiss.
You hear a shout!
The foxfire hits Terence!
Terence is heavily wounded.
The foxfire hits Terence.
Terence is heavily wounded.
Terence shouts, "Get ready for death!"
A ball python comes into view.
Casting: Foxfire (safe; 3% risk of failure)
Confirm with . or Enter, or press ? or * to list all spells.
You conjure some foxfire!
The foxfire hits Terence.
Terence is heavily wounded.
The foxfire hits Terence but does no damage.
Terence is heavily wounded.
The hobgoblin hits you.
Casting: Foxfire (safe; 3% risk of failure)
Confirm with . or Enter, or press ? or * to list all spells.
You conjure some foxfire!
A goblin comes into view. It is wielding a +0 dagger.
Terence barely misses you.
Terence hits your foxfire with a +1 heavy hand axe!
The hobgoblin hits you but does no damage.
The foxfire hits Terence but does no damage.
Terence is heavily wounded.
The foxfire hits Terence.
Terence is severely wounded.
The hobgoblin misses you.
Terence hits you with a +1 heavy hand axe!
Ouch! That really hurt!
Casting: Foxfire (safe; 3% risk of failure)
Confirm with . or Enter, or press ? or * to list all spells.
You conjure some foxfire!
The hobgoblin hits you.
The foxfire hits Terence.
Terence is almost dead.
The foxfire hits Terence but does no damage.
Terence is almost dead.
The hobgoblin misses you.
Terence hits you with a +1 heavy hand axe!
Ouch! That really hurt!
You die...

......#... #.?......
#...g... #......
#..... .. #...S# .
######### #..@g# .
........# #@.# .#
........# #.ยง##.#
........# .. ##.#..#
........#
....###...# #..
........#
#....#########...
........#
.....##............#
#...#.### ...#
#...........###
..###.# .$
#..............
....#.##
##.............. .


You could see Terence, a hobgoblin, a goblin and a ball python.

Vanquished Creatures
  2 worms
  A dart slug (D:1)
  2 ball pythons
  4 endoplasms
  A giant cockroach (D:2)
  3 hobgoblins
  2 jackals (D:1)
  3 quokkas (D:1)
  4 bats
  2 frilled lizards (D:1)
  5 goblins
  3 kobolds
  6 rats
38 creatures vanquished.

Vanquished Creatures (others)
  120 foxfires
120 creatures vanquished.

Grand Total: 158 creatures vanquished

Notes
Turn   | Place    | Note
-------+----------+-------------------------------------------
     0 | D:1      | pk666 the Deep Elf Fire Elementalist began the quest for
                  | the Orb.
     0 | D:1      | Reached XP level 1. HP: 10/10 MP: 6/6
   111 | D:1      | Reached XP level 2. HP: 15/15 MP: 4/8
   820 | D:2      | Reached XP level 3. HP: 19/19 MP: 7/10
  1181 | D:2      | Noticed Terence
  1191 | D:2      | Mangled by Terence

Illustrated notes

Levels and vault maps discovered:
D:1:      lightli_arrival_boilingwater, layout_basic
D:2:      layout_rooms, basic_altar, minmay_tiny_reverse_x, uniq_terence

Skill      XL: |  1  2 |
---------------+-------+-----
Conjurations   | 2 |  2.3
Dodging        | |  2.4
Stealth        | |  2.4
Spellcasting   | |  3.9
Fire Magic     | |  3.9

Action                     || total
---------------------------++-------
   Cast: Foxfire           ||    69
 Armour: Robe              ||     2
  Dodge: Dodged            ||     7

Table legend: (Time is in decaauts)
 A = Elapsed time spent in this place.
 B = Non-inter-level travel time spent in this place.
 C = Inter-level travel time spent in this place.
 D = Time resting spent in this place.
 E = Time spent auto-exploring this place.
 F = Levels seen in this place.
 G = Mean time per level.
                   A        B        C        D        E       F      G
               +--------+--------+--------+--------+--------+-----+--------+
         Total |   1192 |   1135 |     57 |    110 |    832 |   2 |  596.0 |
       Dungeon |   1192 |   1135 |     57 |    110 |    832 |   2 |  596.0 |
               +--------+--------+--------+--------+--------+-----+--------+

Top non-repeatable levels by time:
     D:1: 936 daAuts
     D:2: 256 daAuts
